 Dungeon Crawl Stone Soup version 0.22-a0-247-gbddf880 (webtiles) character file.

6 Amnesiac the Charlatan (level 1, -1/13 HPs)
             Began as an Octopode Artificer on Feb 24, 2018.
             Killed from afar by a dart slug (6 damage)
             ... with a slug dart
             ... on level 1 of the Dungeon.
             The game lasted 00:00:29 (98 turns).

Amnesiac the Charlatan (Octopode Artificer)           Turns: 98, Time: 00:00:30

Health: -1/13      AC:  1    Str: 11    XL:     1   Next: 90%
Magic:  3/3        EV: 13    Int: 13    God:
Gold:   9          SH:  0    Dex: 12    Spells: 0/0 levels left

rFire    . . .     SeeInvis .   a - +0 short sword
rCold    . . .     Gourm    .   (no shield)
rNeg     . . .     Faith    .   (helmet restricted)
rPois    .         Spirit   .   (no amulet)
rElec    .         Reflect  .   (no ring)
rCorr    .         Harm     .   (no ring)
MR       .....                  (no ring)
Stlth    +++.......             (no ring)
HPRegen  0.04/turn              (no ring)
MPRegen  0.08/turn              (no ring)
                                (no ring)
                                (no ring)

@: no status effects
A: almost no armour, stealthy swim, amphibious, 8 rings, constrict 8, camouflage
1, gelatinous body 1
a: no special abilities


You were on level 1 of the Dungeon.
You were not hungry.

You visited 1 branch of the dungeon, and saw 1 of its levels.

You collected 9 gold pieces.

Inventory:

Hand Weapons
 a - a +0 short sword (weapon)
Wands
 b - a wand of flame (15)
 c - a wand of enslavement (15)
 d - a wand of random effects (15)
Scrolls
 e - a scroll of noise {!r, unknown}
 g - a scroll of random uselessness {!r, unknown}
Comestibles
 f - 3 rations
 h - a chunk of flesh


   Skills:
 - Level 1.0 Fighting
 - Level 1.0 Short Blades
 - Level 2.0 Dodging
 + Level 2.7 Stealth
 - Level 3.2 Evocations


You couldn't memorise any spells.
You didn't know any spells.

Dungeon Overview and Level Annotations

Branches:
Dungeon (1/15)

Altars:


Innate Abilities, Weirdness & Mutations

You cannot wear most types of armour.
You are very stealthy in the water. (Stealth+)
You are amphibious.
You can wear up to eight rings at the same time.
You can use your tentacles to constrict eight enemies at once.
Your skin changes colour to match your surroundings (Stealth+).
Your rubbery body absorbs attacks. (AC +1, EV +1)


Message History

The bat is moderately wounded.
The bat hits you but does no damage.
You hit the bat.
You kill the bat!
A rat comes into view.
You hit the dart slug. You grab the dart slug.
You kill the dart slug!
Your Stealth skill increases to level 2!
Found 4 gold pieces.
The rat bites you.
You hit the rat.
You kill the rat!
No target in view!
g - a scroll labeled USUREGAVAPPE {!r} You now have 5 gold pieces.
A bat comes into view.
Found a leather armour.
You closely miss the bat. The bat hits you but does no damage.
The bat closely misses you. The bat closely misses you. The bat misses you.
You hit the bat.
The bat is severely wounded.
The bat hits you but does no damage. The bat closely misses you.
The bat misses you.
You hit the bat but do no damage.
The bat is severely wounded.
The bat closely misses you. The bat closely misses you.
You hit the bat but do no damage. You grab the bat.
The bat is severely wounded.
You constrict the bat.
You kill the bat!
No target in view!
You now have 9 gold pieces (gained 4).
HP restored.
f - 3 rations (gained 1)
You butcher the bat corpse.
h - a chunk of flesh
Found 18 sling bullets.
Found 20 bolts.
You enter a teleport trap!
The teleport trap disappears.
Your surroundings suddenly seem different.
A bat, a rat and a dart slug come into view.
The bat misses you.
Found 22 stones and a ration.
Found a stone staircase leading down.
You hit the bat.
You kill the bat!
The dart slug launches a dart at you. The slug dart hits you!
The rat barely misses you.
You barely miss the rat. You grab the rat. You constrict the rat.
The rat misses you.
You hit the rat.
You kill the rat!
The dart slug bites you.
* * * LOW HITPOINT WARNING * * *
You hit the dart slug. You grab the dart slug.
The dart slug is heavily wounded.
You constrict the dart slug. The dart slug launches a dart at you.
The slug dart hits you!
You die...

#.....#####....
..... #....###
####. .....##
...## #.
.......###.###
##
.....%..##.>.##
#..
..............##
...#
#.............
..#
#.........(..# #
#...†.@w.....#
##..........##
##...##...##
##### ####


You could see a dart slug.

Vanquished Creatures
  A dart slug (D:1)
  3 bats (D:1)
  2 rats (D:1)
6 creatures vanquished.

Notes
Turn   | Place    | Note
-------+----------+-------------------------------------------
     0 | D:1      | Amnesiac the Octopode Artificer began the quest for the Orb.
     0 | D:1      | Reached XP level 1. HP: 13/13 MP: 3/3
    98 | D:1      | Killed from afar by a dart slug

Vault maps used:
D:1:      lemuel_arrival_muddy, minmay_tetromino_s2

Skill      XL: |  1 |
---------------+----+-----
Stealth        | 2 |  2.7
Fighting       | |  1.0
Short Blades   | |  1.0
Dodging        | |  2.0
Evocations     | |  3.2

Action                   || total
-------------------------++-------
Melee: Short sword       ||    14
       Constrict         ||     5
       Tentacles         ||     1
Armor: Skin              ||     5
Dodge: Dodged            ||    14

Table legend:
 A = Spawn XP
 B = Non-spawn XP
 C = Spawn XP percentage of total XP
 D = Spawn monster count
 E = Non-spawn monster count
 F = Spawn count percentage of total count
 G = Total turns spent on level
                    A         B        C        D         E        F      G
               +---------+---------+-------+---------+---------+-------+---------
         Total |       0 |       9 |   0.0 |       0 |       6 |   0.0 |    98
               +---------+---------+-------+---------+---------+-------+---------
           D:1 |       0 |       9 |   0.0 |       0 |       6 |   0.0 |    98
               +---------+---------+-------+---------+---------+-------+---------
